[Event "fics rated crazyhouse match"]
[Site "fics, Oklahoma City, OK USA"]
[Date "2000.11.29"]
[White "spurs"]
[WhiteElo "2251"]
[Black "Gnejs"]
[BlackElo "2440"]
[TimeControl "120+0"]
[Result "0-1"]

1. d4 e6 2. Nf3 b6 3. Nc3 Bb7 4. Bg5 Be7 5. Bxe7 Qxe7 6. B@h4 
f6 7. e4 B@a5 8. e5 Nc6 9. Bb5 a6 10. Bxc6 Bxc6 11. exf6 gxf6 
12. Ne5 P@a3 13. P@f7+ Kd8 14. fxg8=Q+ Rxg8 15. N@f7+ Kc8 16. Bxf6 Qxf6 17. Nxc6 
dxc6 18. P@d7+ Kb7 19. B@c8+ Raxc8 20. N@d6+ cxd6 21. Nxd6+ Ka7 22. dxc8=N+ Kb8 
23. P@a7+ Kc7 24. R@b7+ Kd8 25. a8=Q Bxc3+ 26. bxc3 Qxf2+ 27. Kxf2 P@e3+ 28. Kxe3 
N@d5+ 29. Kd3 N@b2+ 30. Ke4 P@f5+ 31. Ke5 B@f4+ 32. Kxe6 N@g5+ 33. Kxf5 B@e6# 
{spurs checkmated} 0-1

[Event "fics rated crazyhouse match"]
[Site "fics, Oklahoma City, OK USA"]
[Date "2000.11.29"]
[White "Gnejs"]
[WhiteElo "2444"]
[Black "spurs"]
[BlackElo "2247"]
[TimeControl "120+0"]
[Result "1-0"]

1. e4 e6 2. d4 d5 3. Nc3 Bb4 4. e5 Ne7 5. a3 Bxc3+ 6. bxc3 
Nf5 7. Bd3 N@e4 8. Bd2 Qh4 9. Nh3 Nxd2 10. Qxd2 B@h6 11. Qe2 Qxh3 
12. gxh3 N@g2+ 13. Kf1 Nf4 14. Qg4 Nc6 15. B@h4 Bd7 16. N@b5 Rc8 17. Bxf5 
exf5 18. Nxc7+ Kf8 19. P@e7+ Nxe7 20. Bxe7+ Kxe7 21. Q@d6+ Kd8 22. N@e6+ fxe6 
23. N@f7# 
{spurs checkmated} 1-0

[Event "fics rated crazyhouse match"]
[Site "fics, Oklahoma City, OK USA"]
[Date "2000.11.29"]
[White "spurs"]
[WhiteElo "2243"]
[Black "Gnejs"]
[BlackElo "2448"]
[TimeControl "120+0"]
[Result "0-1"]

1. d4 e6 2. Nf3 b6 3. Nc3 Bb7 4. Bg5 f6 5. Bh4 Ne7 6. e4 
Ng6 7. Bg3 Bb4 8. Bd3 O-O 9. O-O Nc6 10. e5 f5 11. d5 Nce7 
12. dxe6 dxe6 13. Ng5 P@d7 14. P@f7+ Kh8 15. Nb5 h6 16. Nxc7 hxg5 17. P@f6 
Qxc7 18. fxg7+ Kxg7 19. P@f6+ Kxf7 20. fxe7 Bxe7 21. Bxf5 exf5 22. P@d6 Qc6 
23. f3 B@c5+ 24. Bf2 Bxf2+ 25. Rxf2 B@c5 26. B@d5+ Qxd5 27. Qxd5+ Bxd5 28. Q@h7+ 
Ke6 29. Qxg6+ B@f6 30. N@g7+ Kxe5 31. Qxf5+ Kxd6 32. N@e4+ Bxe4 33. Rd1+ P@d3 
34. Qxe4 Bxf2+ 35. Kh1 N@g3+ 36. hxg3 Rh8+ 37. B@h3 R@e1+ 38. Rxe1 Rxh3+ 39. gxh3 
P@g2+ 40. Kh2 N@g4+ 41. Kxg2 N@h4# 
{spurs forfeits on time} 0-1

[Event "fics rated crazyhouse match"]
[Site "fics, Oklahoma City, OK USA"]
[Date "2000.11.29"]
[White "VABORIS"]
[WhiteElo "2327"]
[Black "liveZ"]
[BlackElo "2329"]
[TimeControl "60+0"]
[Result "1-0"]

1. e4 e6 2. d4 Nc6 3. Be3 Nf6 4. Bd3 d5 5. e5 Ne4 6. Nh3 
Be7 7. O-O O-O 8. f3 Ng5 9. Nxg5 Bxg5 10. f4 Bh4 11. N@h5 N@e4 
12. Nxg7 Kxg7 13. P@f6+ Nxf6 14. exf6+ Bxf6 15. Qg4+ P@g6 16. N@h5+ Kg8 17. Nxf6+ 
Qxf6 18. B@e5 Qe7 19. Nd2 P@f6 20. Bxf6 Qxf6 21. Qg5 Qg7 22. P@h6 Qh8 
23. Bb5 B@f6 24. Bxc6 bxc6 25. Qxf6 Qxf6 26. B@g5 B@e7 27. Bxf6 Bxf6 28. N@e7+ 
Kh8 29. Nxg6+ fxg6 30. P@g7+ Bxg7 31. hxg7+ Kxg7 32. f5 e5 33. f6+ Kf7 
34. Q@e7+ Kg8 35. Qg7# 
{liveZ checkmated} 1-0

[Event "fics rated crazyhouse match"]
[Site "fics, Oklahoma City, OK USA"]
[Date "2000.11.29"]
[White "liveZ"]
[WhiteElo "2321"]
[Black "VABORIS"]
[BlackElo "2335"]
[TimeControl "60+0"]
[Result "0-1"]

1. e4 e6 2. d4 Nc6 3. Nf3 Nf6 4. Bg5 Bb4+ 5. c3 Be7 6. Nbd2 
Ng4 7. Bxe7 Qxe7 8. Bb5 Nxf2 9. Kxf2 B@f4 10. Nc4 d5 11. Nce5 P@e3+ 
12. Kf1 dxe4 13. Nxc6 bxc6 14. Bxc6+ P@d7 15. Bxe4 Rb8 16. B@a3 d6 17. P@c6 
O-O 18. N@h5 f5 19. Bd3 Bh6 20. P@e5 N@g4 21. exd6 cxd6 22. Bxd6 Qxd6 
23. P@e5 Qd8 24. P@f6 Rxb2 25. Bc2 Ba6+ 26. N@d3 Nf2 27. fxg7 Bxg7 28. Qe2 
Bxd3 29. Bxd3 Rxe2 30. Bxe2 Ng4 31. B@g3 N@d2+ 32. Ke1 P@f2+ 33. Kd1 P@b2 
34. Rb1 B@a4+ 35. P@b3 Bxb3+ 36. axb3 P@a2 37. Kc2 a1=Q 38. Rxa1 Q@d3+ 39. Kxd3 
bxa1=N 
{liveZ forfeits on time} 0-1

[Event "fics rated crazyhouse match"]
[Site "fics, Oklahoma City, OK USA"]
[Date "2000.11.29"]
[White "VABORIS"]
[WhiteElo "2343"]
[Black "liveZ"]
[BlackElo "2313"]
[TimeControl "60+0"]
[Result "0-1"]

1. e4 e6 2. d4 Nc6 3. Be3 Nf6 4. Bd3 d6 5. Nc3 e5 6. d5 
Nd4 7. Nf3 Nxf3+ 8. Qxf3 Bg4 9. Qg3 N@h5 10. Qh4 Be7 11. O-O O-O 
12. f3 Bd7 13. Bg5 h6 14. Bxf6 Nxf6 15. Qf2 B@d4 16. N@e3 Nh5 17. Ne2 
Bxe3 18. Qxe3 Bg5 19. f4 exf4 20. Nxf4 Nxf4 21. Rxf4 P@e5 22. P@g3 exf4 
23. gxf4 N@g4 24. Qf3 R@e3 25. Qf1 Bxf4 26. P@f2 Nxf2 27. Qxf2 N@g4 28. Qxf4 
Rxd3 29. cxd3 B@e3+ 30. Qxe3 Nxe3 31. B@f2 Ng4 32. N@h5 P@e3 33. N@f6+ Nxf6 
34. Nxf6+ Qxf6 35. Bxe3 P@f2+ 36. Bxf2 Qxf2+ 37. Kxf2 N@g4+ 38. Kg1 B@d4+ 39. Kh1 
Q@g1+ 40. Rxg1 Nf2# 
{VABORIS checkmated} 0-1

[Event "fics rated crazyhouse match"]
[Site "fics, Oklahoma City, OK USA"]
[Date "2000.11.29"]
[White "liveZ"]
[WhiteElo "2322"]
[Black "VABORIS"]
[BlackElo "2334"]
[TimeControl "60+0"]
[Result "1-0"]

1. e4 e6 2. d4 Nc6 3. Nf3 Nf6 4. Bg5 Bb4+ 5. Nc3 h6 6. Bxf6 
Qxf6 7. Bd3 Nxd4 8. Nxd4 Qxd4 9. O-O Bxc3 10. bxc3 Qxc3 11. N@b5 Qc5 
12. B@d4 Qc6 13. Bxg7 P@f6 14. Bxh8 N@h4 15. Bxf6 Nxg2 16. R@d8# 
{VABORIS checkmated} 1-0

[Event "fics rated crazyhouse match"]
[Site "fics, Oklahoma City, OK USA"]
[Date "2000.11.29"]
[White "VABORIS"]
[WhiteElo "2326"]
[Black "liveZ"]
[BlackElo "2330"]
[TimeControl "60+0"]
[Result "0-1"]

1. e4 e6 2. d4 Nc6 3. Be3 Nf6 4. Bd3 d6 5. Nc3 e5 6. d5 
Nb4 7. Nf3 Nxd3+ 8. cxd3 B@h5 9. O-O Bcg4 10. N@f5 Bxf5 11. exf5 Be7 
12. B@e6 O-O 13. Bxf7+ Bxf7 14. P@e6 Bh5 15. Ng5 B@g4 16. f3 Bxf5 17. Nf7 
Bxf7 18. exf7+ Rxf7 19. B@e6 Bxe6 20. dxe6 Rf8 21. B@f7+ Rxf7 22. exf7+ Kxf7 
23. f4 N@g4 24. Qxg4 Nxg4 25. fxe5+ P@f2+ 26. Bxf2 P@h3 27. e6+ Kxe6 28. Rae1+ 
P@e5 29. P@d5+ Kd7 30. P@e6+ Kc8 31. gxh3 N@f3+ 32. Kh1 P@e2 33. P@d7+ Kb8 
34. Rxe2 B@g2+ 35. Kxg2 Ne1+ 36. Rfxe1 B@e4+ 37. dxe4 Ne3+ 38. Rxe3 Q@g6+ 39. P@g4 
Qxe4# 
{VABORIS forfeits on time} 0-1

[Event "fics rated crazyhouse match"]
[Site "fics, Oklahoma City, OK USA"]
[Date "2000.11.29"]
[White "liveZ"]
[WhiteElo "2338"]
[Black "VABORIS"]
[BlackElo "2318"]
[TimeControl "60+0"]
[Result "0-1"]

1. e4 e6 2. d4 Nc6 3. Nf3 Nf6 4. Bg5 Bb4+ 5. Nc3 h6 6. Bxf6 
Qxf6 7. Bd3 B@h5 8. e5 Qe7 9. N@f4 Bxf3 10. Qxf3 Nxd4 11. Qg3 N@f5 
12. Bxf5 Nxf5 13. Qd3 P@d4 14. B@f6 gxf6 15. exf6 Qxf6 16. Nh5 Qg6 17. N@f4 
Qg5 18. P@g7 Rg8 19. a3 dxc3 20. bxc3 B@b2 21. axb4 Bxa1 22. O-O P@e4 
23. Qxe4 Bxc3 24. B@f6 Bxf6 25. Nxf6+ Qxf6 26. Nh5 Qg5 27. B@f3 N@h3+ 28. Kh1 
R@g1# 
{liveZ resigns} 0-1

[Event "fics rated crazyhouse match"]
[Site "fics, Oklahoma City, OK USA"]
[Date "2000.11.29"]
[White "VABORIS"]
[WhiteElo "2326"]
[Black "liveZ"]
[BlackElo "2330"]
[TimeControl "60+0"]
[Result "1-0"]

1. e4 e6 2. d4 Nc6 3. Be3 Nf6 4. Bd3 d6 5. Nf3 e5 6. d5 
Nd4 7. Bxd4 exd4 8. Nxd4 B@e5 9. c3 Bg4 10. P@e6 Bxd1 11. exf7+ Kxf7 
12. P@e6+ Kg6 13. Kxd1 h5 14. B@f5+ Kh6 15. N@f7# 
{liveZ checkmated} 1-0

[Event "fics rated crazyhouse match"]
[Site "fics, Oklahoma City, OK USA"]
[Date "2000.11.29"]
[White "liveZ"]
[WhiteElo "2322"]
[Black "VABORIS"]
[BlackElo "2334"]
[TimeControl "60+0"]
[Result "1-0"]

1. e4 e6 2. d4 Nc6 3. Nf3 Nf6 4. Bg5 Bb4+ 5. c3 Be7 6. Nbd2 
Ng4 7. Bxe7 Qxe7 8. B@h4 f6 9. Bb5 B@f4 10. O-O Bxd2 11. Qxd2 Nh6 
12. e5 N@f5 13. exf6 gxf6 14. Bxf6 Qxf6 15. P@g5 Qg6 16. Bxc6 bxc6 17. N@e5 
Qg8 18. gxh6 B@h5 19. N@f6+ Kd8 20. Nxh5 B@f7 21. B@f6+ P@e7 22. Bxe7+ Kxe7 
23. B@f6+ Ke8 24. P@g7 Bxh5 25. gxh8=Q Qxh8 26. R@d8# 
{VABORIS checkmated} 1-0

[Event "fics rated crazyhouse match"]
[Site "fics, Oklahoma City, OK USA"]
[Date "2000.11.29"]
[White "VABORIS"]
[WhiteElo "2326"]
[Black "liveZ"]
[BlackElo "2330"]
[TimeControl "60+0"]
[Result "0-1"]

1. e4 e6 2. d4 Nc6 3. Be3 Nf6 4. Bd3 d6 5. Nf3 Be7 6. Nc3 
Ng4 7. O-O O-O 8. e5 dxe5 9. Bxh7+ Kxh7 10. dxe5 Ncxe5 11. Nxe5 Nxe5 
12. Qxd8 Bxd8 13. Ne4 N@h3+ 14. Kh1 P@f3 15. Q@h5+ P@h6 16. Qxh3 fxg2+ 17. Kxg2 
P@g4 18. N@g5+ Kh8 19. Qxh6+ gxh6 20. P@g7+ Kxg7 21. N@h5+ Kg6 22. Nf4+ Kf5 
23. f3 B@h3+ 24. Ngxh3 gxh3+ 25. Nxh3 N@h4+ 26. Kf2 Q@g2+ 27. Ke1 Q@e2# 
{VABORIS checkmated} 0-1

[Event "fics rated crazyhouse match"]
[Site "fics, Oklahoma City, OK USA"]
[Date "2000.11.29"]
[White "liveZ"]
[WhiteElo "2338"]
[Black "VABORIS"]
[BlackElo "2318"]
[TimeControl "60+0"]
[Result "0-1"]

1. e4 e6 2. d4 Nc6 3. Nf3 Be7 4. Nc3 Nf6 5. Bc4 Bb4 6. Bg5 
h6 7. Bxf6 Qxf6 8. Bd3 Nxd4 9. Nxd4 Qxd4 10. O-O B@g6 11. Nb5 Qb6 
12. N@e5 O-O 13. N@f4 Bh7 14. a3 Bd6 15. Nxd6 Qxd6 16. B@c3 P@d4 17. Bc4 
dxc3 18. Qxd6 cxd6 19. bxc3 dxe5 20. Nh5 N@e2+ 21. Bxe2 B@e7 22. Nxg7 N@f4 
23. Q@g3 Nxe2+ 24. Kh1 Nxg3+ 25. hxg3 B@h3 26. N@d3 Bxg2+ 27. Kh2 Q@h3+ 28. Kg1 
Q@h1# 
{liveZ checkmated} 0-1

[Event "fics rated crazyhouse match"]
[Site "fics, Oklahoma City, OK USA"]
[Date "2000.11.29"]
[White "VABORIS"]
[WhiteElo "2326"]
[Black "liveZ"]
[BlackElo "2330"]
[TimeControl "60+0"]
[Result "1-0"]

1. e4 e6 2. d4 Nc6 3. Be3 Nf6 4. Bd3 d5 5. e5 Ne4 6. Nh3 
Be7 7. O-O O-O 8. c3 f5 9. f3 Ng5 10. Nxg5 Bxg5 11. f4 Bh4 
12. N@h5 N@g4 13. Nxg7 Nxe3 14. Qf3 Nxf1 15. Qxf1 B@e3+ 16. Kh1 R@e1 17. Na3 
Rxf1+ 18. Rxf1 Qe7 19. Nh5 Qxa3 20. N@h6# 
{liveZ resigns} 1-0

[Event "fics rated crazyhouse match"]
[Site "fics, Oklahoma City, OK USA"]
[Date "2000.11.29"]
[White "liveZ"]
[WhiteElo "2322"]
[Black "VABORIS"]
[BlackElo "2334"]
[TimeControl "60+0"]
[Result "1-0"]

1. e4 e6 2. d4 Nc6 3. Nf3 Bb4+ 4. c3 Be7 5. Bd3 Nf6 6. e5 
Nd5 7. Nbd2 O-O 8. Ne4 f5 9. exf6 Bxf6 10. Neg5 P@g6 11. P@h5 e5 
12. hxg6 exd4 13. gxh7+ Kh8 14. Bc4 Nde7 15. P@d5 Na5 16. P@e5 Nxc4 17. exf6 
gxf6 18. Qxd4 P@g7 19. Qxc4 fxg5 20. Bxg5 P@f6 21. Bxf6 Rxf6 22. P@e5 Rxf3 
23. gxf3 N@g2+ 24. Kd1 B@a4+ 25. Qxa4 B@e2+ 26. Kxe2 N@f4+ 27. Kd1 Nexd5 28. R@g8+ 
Kxh7 29. Rxd8 P@e2+ 30. Kc2 
{VABORIS forfeits on time} 1-0

[Event "fics rated crazyhouse match"]
[Site "fics, Oklahoma City, OK USA"]
[Date "2000.11.29"]
[White "Bugzilla"]
[WhiteElo "2255"]
[Black "liveZ"]
[BlackElo "2334"]
[TimeControl "60+0"]
[Result "1-0"]

1. e4 e6 2. Nc3 Nc6 3. d4 Bb4 4. a3 Bxc3+ 5. bxc3 Nf6 6. e5 
Ne4 7. Qg4 N@g5 8. h4 h5 9. hxg5 Nxc3 10. Rxh5 Rxh5 11. Qxh5 R@f8 
12. P@h7 Nxd4 13. B@d3 P@d2+ 14. Bxd2 P@b2 15. Rd1 b1=Q 16. Rxb1 Nxb1 17. h8=Q 
R@g8 18. Qxg8 Rxg8 19. P@g6 Nxd2 20. gxf7+ Ke7 21. P@f6+ gxf6 22. gxf6+ Kf8 
23. N@h7# 
{liveZ checkmated} 1-0

[Event "fics rated crazyhouse match"]
[Site "fics, Oklahoma City, OK USA"]
[Date "2000.11.29"]
[White "liveZ"]
[WhiteElo "2324"]
[Black "Bugzilla"]
[BlackElo "2265"]
[TimeControl "60+0"]
[Result "1-0"]

1. e4 Nf6 2. e5 Nc6 3. exf6 exf6 4. Nf3 d5 5. d4 Bb4+ 6. Bd2 
Bxd2+ 7. Nbxd2 O-O 8. Bb5 Re8+ 9. B@e2 P@g4 10. Bxc6 gxf3 11. Bxe8 fxg2 
12. Bxf7+ Kxf7 13. Rg1 B@h3 14. N@f4 N@e4 15. Nxe4 dxe4 16. Bh5+ P@g6 17. Nxg6 
hxg6 18. Bxg6+ Kxg6 19. N@f4+ Kf7 20. P@g6+ Ke7 21. N@d5+ Kf8 22. P@f7 N@h6 
23. R@h8+ B@g8 24. fxg8=Q+ Nxg8 25. Rxg8+ Kxg8 26. P@h7+ Kh8 27. N@f7# 
{Bugzilla checkmated} 1-0

[Event "fics rated crazyhouse match"]
[Site "fics, Oklahoma City, OK USA"]
[Date "2000.11.29"]
[White "VABORIS"]
[WhiteElo "2326"]
[Black "liveZ"]
[BlackElo "2312"]
[TimeControl "60+0"]
[Result "0-1"]

1. e4 e6 2. d4 Nc6 3. Be3 Nf6 4. Bd3 d6 5. Nf3 Be7 6. Nc3 
e5 7. d5 Nb4 8. O-O Nxd3 9. cxd3 Bg4 10. N@f5 Bxf5 11. exf5 B@g4 
12. B@e4 N@h4 13. Nxh4 Bxd1 14. Raxd1 Nxe4 15. dxe4 Bxh4 16. N@h5 B@f6 17. B@g5 
Bhxg5 18. Bxg5 Rg8 19. Bxf6 gxf6 20. B@g6 hxg6 21. fxg6 fxg6 22. P@h7 Rf8 
23. Ng7+ Kf7 24. Nf5 gxf5 25. exf5 Q@g5 26. B@g6+ Ke7 27. Ne4 Qxg2+ 28. Kxg2 
N@f4+ 29. Kf3 B@g4+ 30. Kxg4 B@g2 31. Q@g7+ P@f7 32. Qxf6+ Kd7 33. B@e6+ fxe6 
34. dxe6+ Kc6 35. P@d5+ Kb6 36. P@a5+ Kxa5 37. b4+ Ka6 38. b5+ Ka5 39. P@b4+ 
Ka4 40. N@c3+ Kxb4 
{VABORIS forfeits on time} 0-1

[Event "fics rated crazyhouse match"]
[Site "fics, Oklahoma City, OK USA"]
[Date "2000.11.29"]
[White "liveZ"]
[WhiteElo "2320"]
[Black "VABORIS"]
[BlackElo "2318"]
[TimeControl "60+0"]
[Result "0-1"]

1. e4 Nf6 2. e5 Nd5 3. Nc3 Nxc3 4. bxc3 Nc6 5. d4 d6 6. Bb5 
N@h4 7. Bxc6+ bxc6 8. N@e3 dxe5 9. Ba3 exd4 10. cxd4 B@c3+ 11. P@d2 Bxd4 
12. N@f3 Bxe3 13. Nxh4 Bxf2+ 14. Kxf2 N@e4+ 15. Kf1 Ba6+ 16. B@d3 Bxd3+ 17. cxd3 
Qxd3+ 18. B@e2 Qd4 19. Ngf3 Qf2# 
{liveZ checkmated} 0-1

[Event "fics rated crazyhouse match"]
[Site "fics, Oklahoma City, OK USA"]
[Date "2000.11.29"]
[White "VABORIS"]
[WhiteElo "2326"]
[Black "liveZ"]
[BlackElo "2312"]
[TimeControl "60+0"]
[Result "0-1"]

1. e4 e6 2. d4 d5 3. e5 c5 4. c3 Nc6 5. Be3 Nge7 6. Nh3 
Nf5 7. Bb5 Bd7 8. Bxc6 Bxc6 9. O-O cxd4 10. cxd4 B@e4 11. Nc3 Bxg2 
12. Kxg2 P@e4 13. f3 exf3+ 14. Rxf3 Nh4+ 15. Kg1 Nxf3+ 16. Qxf3 R@f5 17. P@f4 
P@e4 18. Qf2 Bb4 19. Ne2 P@f3 20. Ng3 Qh4 21. B@f1 Rc8 22. a3 Be7 
23. P@f6 gxf6 24. N@g7+ Kd8 25. N7xf5 exf5 26. exf6 Bxf6 27. P@d6 P@g2 28. Bxg2 
fxg2 29. P@e7+ Bxe7 30. dxe7+ Qxe7 31. B@h4 N@f3+ 32. Qxf3 Qxh4 33. Qxg2 P@f3 
34. P@e7+ Qxe7 35. Qf2 B@h4 36. N@e5 Bxg3 37. hxg3 P@h2+ 38. Kxh2 N@g4# 
{VABORIS forfeits on time} 0-1

[Event "fics rated crazyhouse match"]
[Site "fics, Oklahoma City, OK USA"]
[Date "2000.11.29"]
[White "jiggaman"]
[WhiteElo "2237"]
[Black "RFrancisco"]
[BlackElo "2384"]
[TimeControl "60+0"]
[Result "0-1"]

1. d4 e6 2. e4 Nc6 3. Be3 Nf6 4. Bd3 d6 5. Nh3 Be7 6. Nf4 
e5 7. dxe5 dxe5 8. Nd5 P@f4 9. Nxf4 exf4 10. Bxf4 N@h4 11. Rg1 O-O 
12. Bg3 Ng6 13. P@f5 Nge5 14. Bxe5 Nxe5 15. P@g5 B@h5 16. Qd2 Nxe4 17. Bxe4 
Qxd2+ 18. Kf1 Q@e2# 
{jiggaman checkmated} 0-1

[Event "fics rated crazyhouse match"]
[Site "fics, Oklahoma City, OK USA"]
[Date "2000.11.29"]
[White "RFrancisco"]
[WhiteElo "2389"]
[Black "jiggaman"]
[BlackElo "2232"]
[TimeControl "60+0"]
[Result "1-0"]

1. e4 Nf6 2. Nc3 e6 3. d4 Bb4 4. Bd3 d5 5. e5 Ne4 6. Bd2 
Bxc3 7. bxc3 Bd7 8. Nf3 Nxd2 9. Qxd2 B@e4 10. Bxe4 dxe4 11. Ng5 N@c4 
12. B@e3 Nxd2 13. Bxd2 B@g6 14. O-O Bb5 15. Rfe1 Bc6 16. N@g4 Nd7 17. B@h4 
Qc8 18. Be3 h6 19. Nxe6 fxe6 20. P@f6 gxf6 21. exf6 P@f7 22. N@g7+ Kf8 
23. P@e7+ Kg8 24. Nxh6+ Rxh6 25. Bxh6 N@e2+ 26. Kf1 
{jiggaman forfeits on time} 1-0

[Event "fics rated crazyhouse match"]
[Site "fics, Oklahoma City, OK USA"]
[Date "2000.11.29"]
[White "jiggaman"]
[WhiteElo "2227"]
[Black "RFrancisco"]
[BlackElo "2394"]
[TimeControl "60+0"]
[Result "0-1"]

1. e4 e6 2. d4 Nc6 3. Be3 Nf6 4. Bd3 d6 5. Nf3 Be7 6. Nbd2 
O-O 7. e5 Nd5 8. O-O dxe5 9. dxe5 P@f5 10. P@c4 Nxe3 11. fxe3 B@h5 
12. N@e2 f6 13. exf6 Bxf6 14. Ned4 Nxd4 15. exd4 Bxd4+ 16. Nxd4 Qxd4+ 17. B@f2 
P@e3 18. Bxe3 Qxe3+ 19. P@f2 Qg5 20. N@h3 Bxd1 21. Nxg5 N@h3# 
{jiggaman forfeits on time} 0-1

[Event "fics rated crazyhouse match"]
[Site "fics, Oklahoma City, OK USA"]
[Date "2000.11.29"]
[White "RFrancisco"]
[WhiteElo "2398"]
[Black "jiggaman"]
[BlackElo "2223"]
[TimeControl "60+0"]
[Result "1-0"]

1. e4 Nf6 2. Nc3 e6 3. d4 d5 4. e5 Ne4 5. Bd3 Bb4 6. Bd2 
Nxd2 7. Qxd2 B@a5 8. N@h5 Rg8 9. Bxh7 Bxc3 10. bxc3 N@c4 11. Qd3 Bxc3+ 
12. Qxc3 P@d2+ 13. Kf1 Nc6 14. Bxg8 
{jiggaman resigns} 1-0

[Event "fics rated crazyhouse match"]
[Site "fics, Oklahoma City, OK USA"]
[Date "2000.11.30"]
[White "JKiller"]
[WhiteElo "2434"]
[Black "Bugzilla"]
[BlackElo "2269"]
[TimeControl "180+0"]
[Result "0-1"]

1. e4 Nf6 2. e5 d5 3. exf6 exf6 4. d4 Nc6 5. Be3 Bb4+ 6. c3 
Bf5 7. Nd2 P@c2 8. Qf3 Bxc3 9. Qxf5 Bxb2 10. N@h5 Kf8 11. Qxc2 Bxa1 
12. P@h6 Rg8 13. Qxh7 R@c1+ 14. B@d1 P@c2 15. hxg7+ Ke7 16. Qxc2 Rxc2 17. Bxc2 
Q@c1+ 18. R@d1 Qxc2 19. Ngf3 B@a4 20. Be2 P@d3 21. O-O dxe2 22. Nxf6 exd1=Q 
23. Nxg8+ Qxg8 24. P@f6+ Kxf6 25. Bg5+ Kxg7 26. P@f6+ Kg6 27. P@g4 Qxf1+ 28. Nxf1 
Qxf2+ 29. Kxf2 N@e4+ 30. Ke2 R@f2+ 31. Ke1 R@d1# 
{JKiller checkmated} 0-1

[Event "fics rated crazyhouse match"]
[Site "fics, Oklahoma City, OK USA"]
[Date "2000.11.30"]
[White "Bugzilla"]
[WhiteElo "2281"]
[Black "JKiller"]
[BlackElo "2422"]
[TimeControl "180+0"]
[Result "0-1"]

1. e4 e6 2. Nc3 Nc6 3. d4 d5 4. e5 f6 5. exf6 Nxf6 6. Nf3 
Bb4 7. Bb5 O-O 8. Bxc6 Bxc3+ 9. bxc3 bxc6 10. Ne5 B@e8 11. P@h6 Ne4 
12. hxg7 Rxf2 13. B@f8 N@f5 14. Rf1 P@e2 15. Qxe2 Rxe2+ 16. Kxe2 Nxc3+ 17. Kf2 
Qh4+ 18. P@g3 Q@e2+ 19. Kg1 Qxf1+ 20. Kxf1 P@e2+ 21. Kf2 R@f1# 
{Bugzilla checkmated} 0-1

[Event "fics rated crazyhouse match"]
[Site "fics, Oklahoma City, OK USA"]
[Date "2000.11.30"]
[White "JKiller"]
[WhiteElo "2427"]
[Black "Bugzilla"]
[BlackElo "2276"]
[TimeControl "180+0"]
[Result "1-0"]

1. e4 Nf6 2. e5 d5 3. exf6 exf6 4. d4 Nc6 5. Ne2 Bb4+ 6. c3 
Bf5 7. N@e3 Bxb1 8. Rxb1 Bd6 9. Ng3 P@f4 10. Nh5 fxe3 11. Nxg7+ Kd7 
12. Bxe3 Kc8 13. P@b5 Ne7 14. P@a6 Rb8 15. axb7+ Rxb7 16. P@c6 Rb6 17. B@c5 
Rb8 18. Bxa7 
{Bugzilla resigns} 1-0

[Event "fics rated crazyhouse match"]
[Site "fics, Oklahoma City, OK USA"]
[Date "2000.11.30"]
[White "Bugzilla"]
[WhiteElo "2271"]
[Black "JKiller"]
[BlackElo "2432"]
[TimeControl "180+0"]
[Result "1-0"]

1. e4 e6 2. Nc3 Nc6 3. d4 d5 4. e5 f6 5. exf6 Nxf6 6. Nf3 
Bb4 7. Bb5 O-O 8. Bxc6 bxc6 9. Ne5 Ne4 10. O-O Bxc3 11. bxc3 Nxc3 
12. Qh5 N@f6 13. B@f7+ Rxf7 14. Qxf7+ Kh8 15. P@h6 B@f8 16. N@g6+ hxg6 17. Nxg6+ 
Kh7 18. Nxf8+ Qxf8 19. P@g6# 
{JKiller resigns} 1-0

[Event "fics rated crazyhouse match"]
[Site "fics, Oklahoma City, OK USA"]
[Date "2000.11.30"]
[White "JKiller"]
[WhiteElo "2421"]
[Black "Bugzilla"]
[BlackElo "2282"]
[TimeControl "180+0"]
[Result "0-1"]

1. e4 Nf6 2. e5 d5 3. exf6 exf6 4. d4 Nc6 5. Ne2 Bb4+ 6. c3 
Bd6 7. Ng3 O-O 8. Be2 f5 9. Nh5 P@g6 10. Nxg7 Kxg7 11. Nd2 Re8 
12. P@e5 Nxe5 13. dxe5 Bxe5 14. Nf3 Bf6 15. N@f4 P@c6 16. N@h5+ Kg8 17. Nxf6+ 
Qxf6 18. B@h4 Qd6 19. O-O P@g7 20. Be3 N@g4 21. Bc1 Bd7 22. h3 Ne5 
23. Nxe5 Rxe5 24. Be3 Rae8 25. Bd4 Re4 26. Bg3 Rxf4 27. Bxf4 Qxf4 28. Qc1 
B@d2 29. Qd1 N@e6 30. Bxg7 Kxg7 31. R@g3 N@f6 32. P@e5 Qxe5 33. Qxd2 B@f4 
34. B@d4 Nxd4 35. c4 Bxd2 36. cxd5 Nxe2+ 37. Kh1 Nxg3+ 38. fxg3 Be3 39. N@d3 
N@e4 40. P@h2 Qd4 41. N@g4 Qxd3 42. Nxf6 R@g1# 
{JKiller forfeits on time} 0-1

[Event "fics rated crazyhouse match"]
[Site "fics, Oklahoma City, OK USA"]
[Date "2000.11.30"]
[White "Bugzilla"]
[WhiteElo "2293"]
[Black "JKiller"]
[BlackElo "2410"]
[TimeControl "180+0"]
[Result "0-1"]

1. e4 e6 2. Nc3 Nc6 3. d4 d5 4. e5 f6 5. exf6 Nxf6 6. Nf3 
Bb4 7. Bb5 O-O 8. Bxc6 bxc6 9. Ne5 B@e8 10. P@h6 Ne4 11. O-O gxh6 
12. Bxh6 P@g7 13. Nxe4 dxe4 14. Bxg7 Kxg7 15. N@h5+ Bxh5 16. Qxh5 B@g5 17. N@g4 
P@h6 18. P@f6+ Bxf6 19. Qxh6+ Kg8 20. P@f7+ Rxf7 21. Nxf7 N@e2+ 22. Kh1 P@f3 
23. Nxf6+ Qxf6 24. R@e8+ N@f8 25. Qxf6 fxg2+ 26. Kxg2 N@f4+ 27. Qxf4 Nxf4+ 28. Kg3 
Q@f3+ 29. Kh4 Ng6+ 30. Kg5 Qf4+ 31. Kh5 Qh4# 
{Bugzilla checkmated} 0-1

[Event "fics rated crazyhouse match"]
[Site "fics, Oklahoma City, OK USA"]
[Date "2000.11.30"]
[White "JKiller"]
[WhiteElo "2415"]
[Black "Bugzilla"]
[BlackElo "2288"]
[TimeControl "180+0"]
[Result "1-0"]

1. e4 Nf6 2. e5 d5 3. exf6 exf6 4. d4 Nc6 5. Ne2 Bb4+ 6. c3 
Bd6 7. Ng3 Kf8 8. Be2 Kg8 9. N@f5 P@g6 10. Nxd6 cxd6 11. Be3 h6 
12. h4 Kh7 13. Nd2 Re8 14. h5 g5 15. B@c2+ Kh8 16. Bf3 Ne7 17. Kf1 
Bd7 18. Bg4 Bb5+ 19. Kg1 Ng8 20. a4 Ba6 21. Qf3 Ne7 22. Bxg5 fxg5 
23. Qxf7 Rf8 24. Qxe7 Qxe7 25. N@g6+ Kg8 26. Nxe7# 
{Bugzilla resigns} 1-0

[Event "fics rated crazyhouse match"]
[Site "fics, Oklahoma City, OK USA"]
[Date "2000.11.30"]
[White "Bugzilla"]
[WhiteElo "2283"]
[Black "JKiller"]
[BlackElo "2420"]
[TimeControl "180+0"]
[Result "0-1"]

1. e4 e6 2. Nc3 Nc6 3. d4 d5 4. e5 Nge7 5. Nh3 Nf5 6. Be3 
Be7 7. Be2 Nxe3 8. fxe3 Bh4+ 9. g3 B@g2 10. Rg1 Bxh3 11. gxh4 N@g2+ 
12. Kf2 Nxe3 13. Kxe3 Qxh4 14. B@g5 Qxg5+ 15. Rxg5 B@h6 16. Qg1 P@f6 17. N@h5 
Bxg5+ 18. Kf2 P@e3+ 19. Ke1 Nxe5 20. Nxg7+ Kd8 21. P@f2 P@d2+ 22. Kd1 R@e1+ 
23. Qxe1 dxe1=Q+ 24. Kxe1 Q@d2# 
{Bugzilla checkmated} 0-1

[Event "fics rated crazyhouse match"]
[Site "fics, Oklahoma City, OK USA"]
[Date "2000.11.30"]
[White "LINDEGREN"]
[WhiteElo "2280"]
[Black "Bugzilla"]
[BlackElo "2278"]
[TimeControl "60+0"]
[Result "1-0"]

1. e4 Nf6 2. Nc3 Nc6 3. d4 e6 4. e5 Bb4 5. exf6 gxf6 6. Nf3 
Ke7 7. Bd3 Rg8 8. Bxh7 Rxg2 9. P@e5 d6 10. exf6+ Kd7 11. d5 exd5 
12. Qxd5 P@e6 13. N@e5+ Ke8 14. Nxc6 bxc6 15. P@e7 Qxe7 16. fxe7 Kxe7 
{Bugzilla resigns} 1-0

[Event "fics rated crazyhouse match"]
[Site "fics, Oklahoma City, OK USA"]
[Date "2000.11.30"]
[White "Bugzilla"]
[WhiteElo "2270"]
[Black "LINDEGREN"]
[BlackElo "2288"]
[TimeControl "60+0"]
[Result "0-1"]

1. e4 Nf6 2. e5 Nc6 3. exf6 gxf6 4. d4 d5 5. Nf3 Rg8 6. Nc3 
Bg4 7. Rg1 P@e4 8. Be2 Bxf3 9. Bxf3 exf3 10. Qxf3 Nxd4 11. Qd3 N@b4 
12. Qd2 Ndxc2+ 13. Kf1 P@f3 14. gxf3 Rxg1+ 15. Kxg1 R@e1+ 16. B@f1 Qd7 17. P@g2 
P@h3 18. gxh3 Rxf1+ 19. Kxf1 B@h1 20. R@g3 B@h4 21. Rg4 Bxf3 22. Rxh4 P@g2+ 
23. Kg1 d4 24. Rb1 Rd8 25. N@c5 dxc3 26. Nxd7 cxd2 27. Nxf6+ exf6 28. Q@e3+ 
N@e5 29. Qxe5+ fxe5 30. N@f6+ Ke7 31. Ng8+ Kd7 32. Nf6+ Kc8 33. R@a8+ N@b8 
34. P@d7+ Rxd7 
{Bugzilla forfeits on time} 0-1